 Dungeon Crawl Stone Soup version 0.32-a0-975-g85d4e5bfdb (webtiles) character file.

Game seed: 8667914453473595285

24911 Autsider the Covert (level 13, -10/65 HPs)
             Began as a Vine Stalker Enchanter on Apr 19, 2024.
             Was a High Priest of Wu Jian.
             Mangled by a reaper
             ... wielding a +3 scythe of freezing
              (22 damage)
             ... on level 13 of the Dungeon.
             The game lasted 00:41:54 (14445 turns).

Autsider the Covert (Vine Stalker Enchanter)       Turns: 14445, Time: 00:41:55

Health: -10/65     AC: 17    Str: 20    XL:     13   Next: 16%
Magic:  0/28       EV: 16    Int: 12    God:    Wu Jian [*****.]
Gold:   623        SH:  0    Dex: 16    Spells: 21/32 levels left

rFire   . . .        t - +12 long sword "Cacse" {freeze, rC++ rCorr}
rCold   + + .        (no shield)
rNeg    + . .        X - +5 scale mail "Niro" {Str+5}
rPois   +            F - +1 helmet
rElec   .            W - +0 cloak of Noon {rN+ Will+ Regen+ Int-3}
rCorr   +            U - +0 pair of gloves
SInv    .            (no boots)
Will    ++...        A - amulet of the acrobat
Stlth   +++          d - +5 ring of evasion
HPRegen 1.90/turn    i - ring of poison resistance
MPRegen 0.21/turn

%: acrobat, guardian spirit
@: no status effects
A: fangs 3, regeneration 1, magic shield, antimagic bite, no potion heal 2
a: Renounce Religion, Wall Jump, Serpent's Lash, Heavenly Storm


You were on level 13 of the Dungeon.
You worshipped Wu Jian.
Wu Jian was extremely pleased with you.
You visited 2 branches of the dungeon, and saw 14 of its levels.
You also visited: Sewer and Bailey.

You collected 922 gold pieces.
You spent 299 gold pieces at shops.

Inventory:

Hand Weapons
 o - a +4 dagger
 t - the +12 long sword "Cacse" (weapon) {freeze, rC++ rCorr}
   (You found it on level 2 of the Dungeon)

   rC++:      It greatly protects you from cold.
   rCorr:     It protects you from acid and corrosion.
 y - the +9 spear of Dominance {antimagic, rN+ Dex+4}
   (You took it off a goblin on level 3 of the Dungeon)

   Dex+4:     It affects your dexterity (+4).
   rN+:       It protects you from negative energy.
 S - a +4 dagger of freezing
 Y - a +2 quick blade
Missiles
 V - 6 curare-tipped darts
Armour
 F - a +1 helmet (worn)
 Q - a +2 ring mail of fire resistance
 U - a +0 pair of gloves (worn)
 W - the +0 cloak of Noon (worn) {rN+ Will+ Regen+ Int-3}
   (You found it in a bailey)

   Int-3:     It affects your intelligence (-3).
   rN+:       It protects you from negative energy.
   Will+:     It increases your willpower.
   Regen+:    It increases your rate of health regeneration.
 X - the +5 scale mail "Niro" (worn) {Str+5}
   (You found it in a bailey)

   Str+5:     It affects your strength (+5).
 Z - a +3 leather armour of poison resistance
Jewellery
 b - a ring of magical power
 d - a +5 ring of evasion (left hand)
 i - a ring of poison resistance (right hand)
 n - a ring of flight
 u - an amulet of regeneration
 A - an amulet of the acrobat (around neck)
 C - a +6 ring of strength
 O - a ring of wizardry
Wands
 r - a wand of flame (43)
 s - a wand of light (11)
Scrolls
 e - 3 scrolls of blinking
 f - 8 scrolls of teleportation {@r2}
 h - 6 scrolls of amnesia
 k - 3 scrolls of immolation
 l - 3 scrolls of revelation
 m - 3 scrolls of poison
 w - a scroll of fear
 B - 2 scrolls of vulnerability
 E - 2 scrolls of noise
 L - 2 scrolls of fog
Potions
 c - 4 potions of invisibility
 g - 2 potions of degeneration {unknown}
 j - 8 potions of curing
 p - 4 potions of mutation {unknown}
 q - a potion of cancellation {unknown}
 v - 5 potions of attraction
 x - 3 potions of haste {unknown}
 G - a potion of ambrosia {unknown}
 H - a potion of enlightenment
 J - 2 potions of lignification {unknown}
 K - 3 potions of might
 M - 5 potions of brilliance {unknown}
 N - 3 potions of berserk rage {unknown}
 R - a potion of resistance {unknown}
Miscellaneous
 P - a box of beasts


   Skills:
 + Level 6.0 Fighting
 + Level 9.6 Short Blades
 + Level 5.8 Armour
 + Level 5.8 Dodging
 - Level 10.0 Stealth
 - Level 10.0 Spellcasting
 - Level 10.0 Hexes
 - Level 3.0 Ice Magic


You had 21 spell levels left.
You knew the following spells:

 Your Spells              Type           Power      Damage    Failure   Level
a - Ensorcelled Hibernat  Hex/Ice        42%        N/A       3%          2
b - Tukima's Dance        Hex            30%        N/A       1%          3
c - Dazzling Flash        Conj/Hex       36%        N/A       12%         3
A - Confusing Touch       Hex            30%        N/A       1%          3

Your spell library contained the following spells:

 Spells                   Type           Power      Damage    Failure   Level
 Inner Flame              Hex/Fire       18%        N/A       12%         3
 Summon Small Mammal      Summ           24%        N/A       30%         1
 Lesser Beckoning         Tloc           12%        N/A       43%         2
 Summon Ice Beast         Ice/Summ       9%         N/A       45%         3
 Maxwell's Portable Pile  Tloc           6%         2d(5-15)  67%         3
 Stone Arrow              Conj/Erth      12%        3d7       67%         3
 Teleport Other           Tloc           6%         N/A       67%         3
 Summon Mana Viper        Hex/Summ       18%        N/A       73%         5
 Animate Armour           Summ/Erth      12%        N/A       97%         4
 Summon Lightning Spire   Summ/Air       6%         N/A       97%         4
 Arcjolt                  Conj/Air       3%         1d13      100%        5
 Irradiate                Conj/Alch      3%         3d12      100%        5
 Lee's Rapid Deconstruct  Erth           3%         3d5*      100%        5
 Sculpt Simulacrum        Ice/Alch       4%         N/A       100%        6
 Haunt                    Necr/Summ      3%         N/A       100%        7
 Magnavolt                Erth/Air       3%         3d9       100%        7
 Malign Gateway           Summ/Tloc      3%         N/A       100%        7
 Monstrous Menagerie      Summ           3%         N/A       100%        7
 Ozocubu's Refrigeration  Ice            6%         4d8       100%        7
 Seismic Cannonade        Alch/Erth      3%         6d4       100%        7
 Ignition                 Fire           3%         3d4       100%        8
 Lehudib's Crystal Spear  Conj/Erth      3%         10d2      100%        8
 Maxwell's Capacitive Co  Air            3%         ∞         100%        8
 Polar Vortex             Ice            6%         N/A       100%        9


Dungeon Overview and Level Annotations

Branches:
Dungeon (13/15)            Temple (1/1) D:7            Lair (0/5) D:11
    Orc (0/2) D:10          Sewer (visited)          Bailey (visited)
 Vaults: D:13-14

Altars:
Ashenzari
Cheibriados
Dithmenos
Elyvilon
Fedhas
Gozag
Hepliaklqana
Kikubaaqudgha
Makhleb
Nemelex Xobeh
Okawaru
Qazlal
Ru
Sif Muna
Trog
Uskayaw
Vehumet
Wu Jian
Xom
Yredelemnul
Zin
The Shining One

Shops:
D:2 *   D:4 ?   D:9 [   D:12 !


Innate Abilities, Weirdness & Mutations

You have razor-sharp teeth.
Your natural rate of healing is unusually fast.
When hurt, damage is shared between your health and your magic reserves.
Your bite disrupts and absorbs the magic of your enemies.
Potions cannot restore your health.


Message History

Aiming: Tukima's Dance (safe; 1% risk of failure)
Press: ? - help, Shift-Dir - straight line, f/p - reaper
Aim: a reaper, wielding a +3 scythe of freezing (chance to affect: 5%)
The reaper resists with almost no effort.
Casting: Tukima's Dance (safe; 1% risk of failure)
Confirm with . or Enter, or press ? or * to list all spells.
Aiming: Tukima's Dance (safe; 1% risk of failure)
Press: ? - help, Shift-Dir - straight line, f/p - reaper
Aim: a reaper, wielding a +3 scythe of freezing (chance to affect: 5%)
The reaper resists with almost no effort.
Casting: Tukima's Dance (safe; 1% risk of failure)
Confirm with . or Enter, or press ? or * to list all spells.
Aiming: Tukima's Dance (safe; 1% risk of failure)
Press: ? - help, Shift-Dir - straight line, f/p - reaper
Aim: a reaper, wielding a +3 scythe of freezing (chance to affect: 5%)
The reaper resists with almost no effort.
Casting: Tukima's Dance (safe; 1% risk of failure)
Confirm with . or Enter, or press ? or * to list all spells.
Aiming: Tukima's Dance (safe; 1% risk of failure)
Press: ? - help, Shift-Dir - straight line, f/p - reaper
Aim: a reaper, wielding a +3 scythe of freezing (chance to affect: 5%)
The reaper resists with almost no effort.
The reaper hits you from afar with a +3 scythe of freezing.
The reaper drags you backwards!
A centaur warrior and an orc priest come into view.
The reaper hits you from afar with a +3 scythe of freezing!!
The reaper drags you backwards! The reaper freezes you.
The reaper hits you from afar with a +3 scythe of freezing!
The reaper drags you backwards! The reaper freezes you.
The reaper shouts, "Die, Autsider!"
The reaper hits you from afar with a +3 scythe of freezing!!!
Ouch! That really hurt!
* * * LOW HITPOINT WARNING * * *
The reaper drags you backwards! The reaper freezes you.
* * * LOW HITPOINT WARNING * * *
The reaper says, "Everyone has to die sometime, and your time is now."
The reaper barely misses you.
There is a stone staircase leading up, spattered with blood here.
The reaper hits you from afar with a +3 scythe of freezing!!
You die...

#........#### #.......#
#........#######.......#
#........#........††....
#........#..............
#........#..............
#....###o#..............
#......2.'.........†...#
#.......)#.............#
#......@.##'####.......#
#..............#......(#
#..............#########
#...........##.#########
#...........##.#.......#
#...........##.#.......#
#..............#.......#
#........#######).......
#........#..............


You could see a reaper and an orc priest.

Vanquished Creatures
  Jorgrun (D:13)
  A centaur warrior (D:13)
  4 two-headed ogres
  Sonja (D:12)
  A skeletal warrior (D:13)
  The ghost of ViolentViolet the Skirmisher, a novice CoHu of Hepliaklqana (D:7)
  An ugly thing (D:11)
  A deep elf pyromancer (Bailey)
  5 cyclopes
  The ghost of Konar the Skirmisher, a novice CoHu of Hepliaklqana (D:6)
  A manticore (D:7)
  An unseen horror (D:9)
  2 gargoyles (D:12)
  2 trolls
  A hornet (D:9)
  3 shadows
  A centaur simulacrum (D:12)
  A wyvern (D:7)
  6 wraiths
  14 yaks
  4 vampire mosquitoes
  2 steam dragons
  3 acid dragons
  10 orc warriors
  3 ice beasts (D:7)
  3 black bears
  A sky beast (D:7)
  2 ogres
  7 centaurs
  2 phantoms (D:7)
  3 kobold brigands
  9 bullfrogs
  A gnoll sergeant (D:7)
  2 scorpions
  11 wights
  10 killer bees (D:11)
  7 howler monkeys
  2 bombardier beetles
  2 hounds
  7 orc priests
  A jelly (D:7)
  3 sleepcaps
  Jessica (D:2)
  Natasha (thrice) (D:3)
  2 iguanas
  14 orc wizards
  3 gnolls (D:3)
  8 adders
  2 shadow imps
  3 white imps
  6 ufetubi
  6 ribbon worms
  A dart slug (D:1)
  55 orcs
  9 endoplasms
  3 giant cockroaches
  8 goblins
  9 hobgoblins
  3 quokkas
  19 ball pythons
  A bat (D:2)
  4 frilled lizards
  15 kobolds
  23 rats
342 creatures vanquished.

Vanquished Creatures (collateral kills)
  A centaur warrior (D:13)
  2 two-headed ogres
  An orc knight (Bailey)
  2 vampire mosquitoes (D:13)
  6 orc warriors
  2 ogres (D:5)
  5 wights
  A gnoll (D:3)
  A white imp (D:6)
  11 orcs
  3 kobolds (D:10)
35 creatures vanquished.

Vanquished Creatures (others)
  14 dancing weapons
14 creatures vanquished.

Grand Total: 391 creatures vanquished

Notes
Turn   | Place    | Note
-------+----------+-------------------------------------------
     0 | D:1      | Autsider the Vine Stalker Enchanter began the quest for the
                  | Orb.
     0 | D:1      | Reached XP level 1. HP: 9/9 MP: 4/4
    94 | D:1      | Reached skill level 1 in Short Blades
   205 | D:1      | Reached XP level 2. HP: 13/13 MP: 6/6
   561 | D:1      | Reached skill level 1 in Ice Magic
   603 | D:1      | Reached XP level 3. HP: 17/17 MP: 7/7
   850 | D:2      | Learned a level 2 spell: Ensorcelled Hibernation
   854 | D:2      | Learned a level 3 spell: Tukima's Dance
  1105 | D:2      | Found Quzet's Assorted Antiques.
  1314 | D:2      | Identified the +12 long sword "Cacse" {freeze, rC++ rCorr}
  1595 | D:2      | Reached XP level 4. HP: 21/21 MP: 8/8
  1598 | D:2      | Noticed Jessica
  1609 | D:2      | Killed Jessica
  1610 | D:2      | Reached skill level 1 in Fighting
  2015 | D:3      | Reached XP level 5. HP: 15/25 MP: 1/9
  2763 | D:3      | Identified the +9 spear of Dominance {antimagic, rN+ Dex+4}
  3098 | D:2      | Bought a scroll labelled ALAINU CAXT for 27 gold pieces
  3098 | D:2      | Bought a viscous dark potion for 24 gold pieces
  3098 | D:2      | Bought a pink potion for 24 gold pieces
  3133 | D:4      | Noticed Natasha
  3136 | D:4      | Noticed an ogre
  3147 | D:3      | Killed Natasha
  3256 | D:3      | Noticed Natasha
  3260 | D:3      | Killed Natasha
  3322 | D:3      | Noticed Natasha
  3331 | D:3      | Killed Natasha
  3332 | D:3      | Reached XP level 6. HP: 30/30 MP: 11/11
  3704 | D:4      | Found Ivomosig's Magic Scroll Shop.
  3708 | D:4      | Bought a scroll of immolation for 48 gold pieces
  3708 | D:4      | Bought a scroll of noise for 12 gold pieces
  3708 | D:4      | Bought a scroll of identify for 24 gold pieces
  3728 | D:4      | Reached XP level 7. HP: 18/33 MP: 1/12
  4095 | D:5      | Entered Level 5 of the Dungeon
  4170 | D:5      | Reached skill level 5 in Stealth
  4243 | D:5      | Found a glowing drain.
  4274 | Sewer    | Entered a sewer
  4344 | Sewer    | Learned a level 3 spell: Dazzling Flash
  4348 | Sewer    | Learned a level 3 spell: Confusing Touch
  4503 | Sewer    | Gained mutation: You have razor-sharp teeth. [Vine Stalker
                  | growth]
  4503 | Sewer    | Reached XP level 8. HP: 31/39 MP: 6/14
  4622 | D:5      | Reached skill level 5 in Hexes
  5378 | D:6      | You fall into a shaft and drop 1 floor!
  5600 | D:6      | Found a blossoming altar of Fedhas.
  5600 | D:6      | Found an ornate altar of the Wu Jian Council.
  5622 | D:6      | Became a worshipper of the Wu Jian Council
  5709 | D:7      | Found a staircase to the Ecumenical Temple.
  5746 | D:7      | Reached skill level 5 in Spellcasting
  5751 | D:7      | Reached XP level 9. HP: 40/44 MP: 14/17
  5804 | Temple   | Entered the Ecumenical Temple
  5974 | D:6      | Noticed Konar's ghost (novice CoHu)
  6173 | D:6      | Found a transporter.
  6239 | D:6      | Found a transporter.
  6488 | D:6      | Reached * piety under Wu Jian
  7132 | D:7      | Found a large runed translucent door.
  7133 | D:7      | Found a large runed translucent door.
  7137 | D:7      | Noticed ViolentViolet's ghost (novice CoHu)
  7387 | D:7      | Noticed a troll
  7392 | D:7      | Noticed a manticore
  7396 | D:7      | Killed a troll
  7403 | D:7      | Killed a manticore
  7404 | D:7      | Reached skill level 5 in Short Blades
  7404 | D:7      | Reached XP level 10. HP: 26/49 MP: 8/21
  7463 | D:7      | Noticed a two-headed ogre
  7613 | D:7      | Killed a two-headed ogre
  7858 | D:7      | Got the Atlas of Arrival
  7902 | D:7      | Reached ** piety under Wu Jian
  8204 | D:7      | Killed ViolentViolet's ghost
  8205 | D:7      | Reached skill level 1 in Armour
  8323 | D:6      | Killed Konar's ghost
  8445 | D:8      | Reached skill level 5 in Fighting
  8465 | D:8      | Identified the +0 robe "Cafos" {rElec rC- rCorr Int+5}
  8704 | D:8      | Reached XP level 11. HP: 55/55 MP: 19/23
  8837 | D:8      | Reached skill level 5 in Dodging
  9715 | D:9      | Found a burning altar of Makhleb.
  9716 | D:9      | Found a sparkling altar of Nemelex Xobeh.
  9737 | D:9      | Noticed a two-headed ogre
  9754 | D:9      | Killed a two-headed ogre
 10040 | D:9      | Reached *** piety under Wu Jian
 10182 | D:9      | Found John Lambton's Dragon-Slaying Spoils.
 10276 | D:10     | Entered Level 10 of the Dungeon
 10278 | D:10     | Found an opulent altar of Gozag.
 10434 | D:10     | Found a flagged portal.
 10438 | D:10     | Identified the +1 halberd of Vofukk {flame, ^Drain rN+
                  | Will+}
 10441 | Bailey   | Entered a bailey
 10495 | Bailey   | Noticed an orc knight
 10549 | Bailey   | Killed an orc knight
 10676 | Bailey   | Found a large runed translucent door.
 10676 | Bailey   | Found a large runed translucent door.
 10677 | Bailey   | Noticed a deep elf pyromancer
 10771 | Bailey   | Killed a deep elf pyromancer
 10778 | Bailey   | Identified the +0 cloak of Noon {rN+ Will+ Regen+ Int-3}
 10784 | Bailey   | Identified the +5 scale mail "Niro" {Str+5}
 10792 | Bailey   | Identified the +6 chain mail of the Cooper {Int+4}
 10927 | D:10     | Reached **** piety under Wu Jian
 11120 | D:10     | Found a staircase to the Orcish Mines.
 11312 | D:10     | Found a snail-covered altar of Cheibriados.
 11428 | D:10     | Noticed a two-headed ogre
 11576 | D:10     | Killed a two-headed ogre
 11577 | D:10     | Reached skill level 5 in Armour
 11611 | D:9      | Reached skill level 10 in Stealth
 11611 | D:9      | Reached XP level 12. HP: 44/60 MP: 21/25
 12167 | D:11     | Noticed a two-headed ogre
 12175 | D:11     | Killed a two-headed ogre
 12381 | D:11     | Reached ***** piety under Wu Jian
 12517 | D:11     | Found a staircase to the Lair.
 12585 | D:11     | Reached skill level 10 in Hexes
 12833 | D:12     | Reached skill level 10 in Spellcasting
 12908 | D:12     | Found Feliexue's Distillery.
 12920 | D:12     | Bought a potion of curing for 42 gold pieces
 12920 | D:12     | Bought a potion of attraction for 42 gold pieces
 12920 | D:12     | Bought a potion of might for 56 gold pieces
 13133 | D:12     | Found a glowing silver altar of Zin.
 13248 | D:12     | Noticed a two-headed ogre
 13274 | D:12     | Killed a two-headed ogre
 13304 | D:12     | Noticed Sonja
 13306 | D:12     | Killed Sonja
 13798 | D:13     | Noticed Jorgrun
 13816 | D:13     | Killed Jorgrun
 13926 | D:13     | Noticed a centaur warrior
 13933 | D:13     | Killed a centaur warrior
 13934 | D:13     | Reached XP level 13. HP: 62/64 MP: 28/28
 14146 | D:13     | Noticed a reaper
 14445 | D:13     | Mangled by a reaper

Illustrated notes

Levels and vault maps discovered:
D:1:      evilmike_arrival_hilbert_curve, layout_basic, minmay_misc_feat_tower,
          serial_bayou_ford_a, minmay_nonomino_d4
D:2:      layout_basic, serial_shops, shop, uniq_jessica
D:3:      layout_basic
D:4:      minmay_chambers_of_fours, layout_cave_pools, serial_shops,
          nicolae_shop_back_alley_shop, uniq_natasha
D:5:      layout_gridville, cheibrodos_sewer_entry_drain
D:6:      layout_loops_corners, nicolae_overflow_hidden_temple,
          gammafunk_ghost_arena, sigmund_army
D:7:      kennysheep_windowed_halls, layout_cave_pods,
          minmay_temple_entry_large_hall, ebering_ghost_disaster_area
D:8:      layout_gridville, amcnicky_mini_pool_small
D:9:      layout_loops_ring, gammafunk_temple_overflow_statue,
          nicolae_shop_dragon_depot, nicolae_twisty_statue_hallways
D:10:     layout_loops_ring, slow_altar_1, mainiacjoe_overflow_six_doors_small,
          david_orc_4, enter_bailey_2, kennysheep_flooded_box
D:11:     layout_loops_ring, lair_entry_dummy, serial_glass, glass_columns_a,
          glass_columns_b
D:12:     layout_basic, serial_shops, nicolae_shop_industrial_runoff,
          zin_statuary, uniq_sonja
D:13:     layout_stronghold, minmay_guarded_unrand_finisher, uniq_jorgrun,
          uniq_josephine
Temple:   regret_index_temple_sphere_string

Skill      XL: |  1  2  3  4  5  6  7  8  9 10 11 12 13 |
---------------+----------------------------------------+-----
Short Blades   | 1 2 3 4 5 6 9 |  9.6
Ice Magic      | 1 2 3 |  3.0
Dodging        | 2 3 4 5 |  5.8
Fighting       | 1 2 3 4 5 6 |  6.0
Stealth        | 4 5 6 7 8 10 | 10.0
Spellcasting   | 3 5 6 7 8 10 | 10.0
Hexes          | 4 6 7 8 9 10 | 10.0
Armour         | 2 5 |  5.8

Action                     |  1- 3 |  4- 6 |  7- 9 | 10-12 | 13-15 || total
---------------------------+-------+-------+-------+-------+-------++-------
  Melee: Dagger            |    98 |       |       |       |       ||    98
         Bite              |    32 |    13 |    36 |   133 |    22 ||   236
         Long sword        |     9 |    80 |   185 |   430 |    54 ||   758
   Cast: Ensorcelled Hiber |     5 |     3 |     6 |     9 |       ||    23
         Tukima's Dance    |       |     7 |    19 |    74 |    14 ||   114
         Confusing Touch   |       |       |     4 |     2 |       ||     6
Ability: Lunge             |       |       |     4 |    33 |     1 ||    38
         Whirlwind         |       |       |       |    13 |       ||    13
    Use: Scroll            |       |     6 |     1 |     4 |     8 ||    19
   Stab: Sleeping          |     7 |     7 |    14 |    18 |       ||    46
         Distracted        |     2 |     1 |       |     1 |       ||     4
         Confused          |       |       |     1 |       |       ||     1
 Armour: Robe              |    30 |    35 |   107 |    28 |       ||   200
         Ring mail         |       |       |       |    90 |       ||    90
         Scale mail        |       |       |       |   142 |    86 ||   228
  Dodge: Dodged            |    77 |    44 |   214 |   323 |    86 ||   744

Table legend: (Time is in decaauts)
 A = Elapsed time spent in this place.
 B = Non-inter-level travel time spent in this place.
 C = Inter-level travel time spent in this place.
 D = Time resting spent in this place.
 E = Time spent auto-exploring this place.
 F = Levels seen in this place.
 G = Mean time per level.
                   A        B        C        D        E       F      G
               +--------+--------+--------+--------+--------+-----+--------+
         Total |  14681 |  13743 |    938 |    742 |   9635 |  16 |  917.6 |
       Dungeon |  13887 |  12950 |    937 |    651 |   9357 |  13 | 1068.2 |
        Temple |      1 |      1 |      0 |      0 |      0 |   1 |    1.0 |
         Sewer |    390 |    390 |      0 |     57 |     70 |   1 |  390.0 |
        Bailey |    402 |    402 |      0 |     34 |    208 |   1 |  402.0 |
               +--------+--------+--------+--------+--------+-----+--------+

Top non-repeatable levels by time:
     D:7: 1899 daAuts
     D:6: 1435 daAuts
     D:3: 1379 daAuts
     D:2: 1212 daAuts
    D:10: 1183 daAuts
    D:12: 1168 daAuts
     D:9: 1000 daAuts
     D:8: 998 daAuts
     D:1: 802 daAuts
    D:11: 761 daAuts
     D:4: 740 daAuts
     D:5: 731 daAuts
    D:13: 574 daAuts
  Bailey: 402 daAuts
   Sewer: 390 daAuts
